 Dungeon Crawl Stone Soup version 0.30-a0-756-gc2185399d4 (webtiles) character file.

Game seed: 5570048687016086715

39 Leeroy the Slasher (level 3, -2/27 HPs)
             Began as a Merfolk Gladiator on Feb 9, 2023.
             Slain by Jessica
             ... wielding a +0 club
              (10 damage)
             ... on level 2 of the Dungeon.
             The game lasted 00:01:07 (1004 turns).

Leeroy the Slasher (Merfolk Gladiator)              Turns: 1004, Time: 00:01:08

Health: -2/27      AC:  4    Str: 14    XL:     3   Next: 45%
Magic:  3/3        EV: 13    Int:  7    God:
Gold:   84         SH:  0    Dex: 17    Spells: 2/2 levels left

rFire   . . .      SeeInvis .    a - +0 long sword
rCold   . . .      Faith    .    (no shield)
rNeg    . . .      Spirit   .    b - +0 leather armour
rPois   .          Reflect  .    c - +0 helmet
rElec   .          Harm     .    (no cloak)
rCorr   .          Rampage  .    (no gloves)
Will    .....                    (no boots)
Stlth   +                        (no amulet)
HPRegen 0.24/turn                (no ring)
MPRegen 0.08/turn                (no ring)

@: no status effects
A: (nimble swimmer 2), mertail
a: no special abilities


You were on level 2 of the Dungeon.
You visited 1 branch of the dungeon, and saw 2 of its levels.

You collected 84 gold pieces.

Inventory:

Hand Weapons
 a - a +0 long sword (weapon)
Missiles
 d - 3 throwing nets (quivered)
 e - a javelin
Armour
 b - a +0 leather armour (worn)
 c - a +0 helmet (worn)
Scrolls
 g - 2 scrolls of teleportation {unknown}
 h - 3 scrolls of identify {unknown}
 j - a scroll of silence {unknown}
Potions
 f - a potion of haste {unknown}
 i - a potion of mutation {unknown}


   Skills:
 - Level 2.1 Fighting
 + Level 5.3 Long Blades
 - Level 2.0 Throwing
 - Level 4.0 Dodging


You had 2 spell levels left.
You didn't know any spells.
Your spell library was empty.

Dungeon Overview and Level Annotations

Branches:
Dungeon (2/15)

Altars:

Shops:
D:1 ?

Annotations:
D:2 Jessica


Innate Abilities, Weirdness & Mutations

((You are very nimble when in or above water. (Stealth+, EV+, Speed+++)))
Your lower body shifts to a powerful aquatic tail in water.


Message History

Pain shoots through your body!
You barely miss Jessica.
Jessica gestures wildly while chanting.
Jessica seems to speed up.
You hit Jessica.
Jessica is heavily wounded.
Jessica misses you.
You closely miss Jessica.
Jessica is heavily wounded.
Jessica hits you with a +0 club.
Jessica gestures wildly.
Jessica drinks a potion.
Jessica seems to grow stronger.
You are too injured to fight recklessly!
You are too injured to fight recklessly!
You are too injured to fight recklessly!
You are too injured to fight recklessly!
You are too injured to fight recklessly!
You are too injured to fight recklessly!
You barely miss Jessica.
Jessica is heavily wounded.
Jessica hits you with a +0 club!
* * * LOW HITPOINT WARNING * * *
Jessica completely misses you.
You hit Jessica.
Jessica is almost dead.
Jessica gestures wildly while chanting.
Jessica blinks!
The rat closely misses you.
Jessica gestures wildly while chanting.
Jessica blinks!
The rat twitches its whiskers.
There is an open door here.
You barely miss the rat. The rat bites you but does no damage.
Jessica gestures wildly while chanting.
Jessica blinks!
You slash the rat!
You kill the rat!
You start resting.
Jessica is nearby!
Jessica hits you with a +0 club!
You die...

#.# #.# #.# # #.# .#
##########.###.#####
........##..........#
........##..........#
........##..........#
......!!##@.........#######
........†@.<...............
........##..>.......†......
........##....<.....†#####.
........##.................
........##..........######.
........##..........# #.
........##..........######.
.....(..##.###.####........


You could see Jessica (fast, strong).

Vanquished Creatures
  An adder (D:2)
  A ball python (D:1)
  4 endoplasms
  5 giant cockroaches
  A goblin (D:2)
  2 hobgoblins (D:1)
  A quokka (D:1)
  5 bats
  2 frilled lizards
  A kobold (D:1)
  5 rats
28 creatures vanquished.

Notes
Turn   | Place    | Note
-------+----------+-------------------------------------------
     0 | D:1      | Leeroy the Merfolk Gladiator began the quest for the Orb.
     0 | D:1      | Reached XP level 1. HP: 16/16 MP: 1/1
   121 | D:1      | Reached skill level 4 in Long Blades
   201 | D:1      | Reached XP level 2. HP: 22/22 MP: 2/2
   353 | D:1      | Found Aczuqayg's Magic Scroll Shoppe.
   547 | D:1      | Found a faded altar of an unknown god.
   547 | D:1      | Noticed a smoke demon
   806 | D:2      | Reached skill level 5 in Long Blades
   806 | D:2      | Reached XP level 3. HP: 26/27 MP: 3/3
   988 | D:2      | Noticed Jessica
  1004 | D:2      | Slain by Jessica

Illustrated notes

Levels and vault maps discovered:
D:1:      dpeg_arrival_simpleton_c, layout_basic, serial_shops, shop,
          dreamdust_ecumenical_altar_sealed_demon
D:2:      layout_basic, serial_shops, shop, minmay_pentomino_x2, uniq_jessica

Skill      XL: |  1  2 |
---------------+-------+-----
Long Blades    | 4 5 |  5.3
Fighting       | |  2.1
Throwing       | |  2.0
Dodging        | |  4.0

Action                     || total
---------------------------++-------
  Melee: Long sword        ||    82
         Punch             ||     1
   Stab: Sleeping          ||     1
 Armour: Leather armour    ||    30
  Dodge: Dodged            ||    65

Table legend: (Time is in decaauts)
 A = Elapsed time spent in this place.
 B = Non-inter-level travel time spent in this place.
 C = Inter-level travel time spent in this place.
 D = Time resting spent in this place.
 E = Time spent auto-exploring this place.
 F = Levels seen in this place.
 G = Mean time per level.
                   A        B        C        D        E       F      G
               +--------+--------+--------+--------+--------+-----+--------+
         Total |   1017 |    948 |     69 |      2 |    760 |   2 |  508.5 |
       Dungeon |   1017 |    948 |     69 |      2 |    760 |   2 |  508.5 |
               +--------+--------+--------+--------+--------+-----+--------+

Top non-repeatable levels by time:
     D:1: 751 daAuts
     D:2: 266 daAuts
